AoeStats
← [CL] Al3jandr0.magn00

Arabia

506204719Analyzed
1v1 RM · 19d ago on Sep 12, 2026· 40m 22s· 2 players
Game mode
Random Map
Map size
Tiny (2 player)
Population
200
Speed
Normal
Resources
Standard
Victory
Conquest
Starting age
Dark Age
Ending age
Imperial Age
RankedLock teamsTeams togetherTeam positionsShared explorationLock speedFull tech treeHidden civsTurbo modeCheats
Victory
Defeat
🇦🇷 Bohemians · Argentina
1826
+12
🇲🇽 Burmese · Mexico
1727
-12
NoToxic_MK
7:17 Loom
9:48 Feudal Age
10:06 Man-at-Arms
11:54 Arson
13:21 Fletching
14:17 Town Watch
18:12 Wheelbarrow
21:18 Castle Age
19:46 Padded Archer Armor
19:28 Horse Collar
20:39 Gold Mining
22:01 Bodkin Arrow
21:30 Crossbowman
24:12 Gold Shaft Mining
33:13 Hand Cart
37:58 Imperial Age
36:34 Elite Skirmisher
[CL] Al3jandr0.magn00
4:09 Loom
11:19 Feudal Age
11:51 Double-Bit Axe
12:26 Horse Collar
18:32 Fletching
22:07 Castle Age
21:30 Padded Archer Armor
22:14 Crossbowman
22:58 Bodkin Arrow
23:32 Bow Saw
23:43 Town Watch
24:47 Ballistics
28:56 Wheelbarrow
31:25 Chemistry
33:00 Fervor
38:11 Imperial Age
38:57 Bracer
38:38 Arbalester
40:26 Leather Archer Armor
Connection lost

Rejoining the realm…

Still unreachable

The connection could not be restored.

Session expired

The server has moved on; the page needs a fresh start.